 Dungeon Crawl Stone Soup version 0.17-a0-2118-g63bad21 (webtiles) character file.

65 glosham the Cutter (level 3, 2/31 HPs)
             Began as a Draconian Chaos Knight on Oct 20, 2015.
             Quit the game on level 1 of the Dungeon.
             The game lasted 00:02:38 (76 turns).

glosham the Cutter (Draconian Chaos Knight)           Turns: 76, Time: 00:02:39

Health: 2/31       AC:  5    Str: 14    XL:     3   Next: 92%
Magic:  3/3        EV: 12    Int: 12    God:
Gold:   0          SH:  0    Dex: 11    Spells: 0 memorised, 2 levels left

rFire  . . .     SeeInvis .     a - +0 short sword (chaos)
rCold  . . .     Clarity  .     (armour unavailable)
rNeg   . . .     SustAt   .     (no shield)
rPois  .         Gourm    .     (helmet restricted)
rElec  .         Spirit   .     (no cloak)
rCorr  .         Warding  .     (no gloves)
rMut   .         Stasis   .     (no boots)
MR     .....                    (no amulet)
Stlth  +.........               (no ring)
                                (no ring)

@: not resistant to hostile enchantments, very unstealthy
A: unfitting armour, blurry vision 1, cold-blooded, AC +5
a: no special abilities


You were on level 1 of the Dungeon.
You were not hungry.

You visited 1 branch of the dungeon, and saw 1 of its levels.

Inventory:

Hand Weapons
 a - a +0 short sword of chaos (weapon)
Missiles
 c - 6 tomahawks (quivered)
Comestibles
 b - a bread ration


   Skills:
 - Level 3.2 Fighting
 * Level 4.8 Short Blades
 - Level 2.1 Dodging


You had 2 spell levels left.
You didn't know any spells.

Dungeon Overview and Level Annotations

Branches:
Dungeon (1/15)

Altars:


Innate Abilities, Weirdness & Mutations

Your plain brown scales are hard (AC +5).
Your body does not fit into most forms of armour.
You are cold-blooded and may be slowed by cold attacks.
Scrolls take you a little longer to read.


Message History

The giant frog closely misses you.
You barely miss the giant frog.
The giant frog is moderately wounded.
The giant frog hits you.
You barely miss the giant frog.
The giant frog is moderately wounded.
The giant frog hits you!
* * * LOW HITPOINT WARNING * * *
The giant frog hits you but does no damage.
You hit the giant frog.
You feel better.
The giant frog is heavily wounded.
The giant frog hits you but does no damage.
You hit the giant frog.
The giant frog is poisoned.
The giant frog is severely wounded.
The giant frog closely misses you. The giant frog misses you.
You barely miss the giant frog.
The giant frog is severely wounded.
The giant frog hits you.
* * * LOW HITPOINT WARNING * * *
You closely miss the giant frog.
The giant frog is almost dead.
You kill the giant frog!
Your Short Blades skill increases to level 4!
You have reached level 2!
You have reached level 3!
Your experience leads to an increase in your attributes!
Increase (S)trength, (I)ntelligence, or (D)exterity?
You feel agile.
Your scales feel tougher.
Things that are here:
a club; a shapeshifter corpse You butcher the shapeshifter corpse.
Things that are here:
a club; 2 mutagenic chunks of flesh
d - 2 mutagenic chunks of flesh Eat which item? (? for menu, Esc to quit)
This meat tastes really weird.
Your vision blurs.
Eat which item? (? for menu, Esc to quit)
This meat tastes really weird.
Are you sure you want to abandon this character and quit the game? (Confirm with "yes".)

####### #.....####
#########........#######
................@.......
########.........#####$#
#...####### #...# #...#
#...# #...# #...# #####


There were no monsters in sight!

Vanquished Creatures
  A giant frog (shapeshifter) (D:1)
  2 goblins (D:1)
3 creatures vanquished.

Notes
Turn   | Place    | Note
--------------------------------------------------------------
     0 | D:1      | glosham the Draconian Chaos Knight began the quest for the Orb.
     0 | D:1      | Reached XP level 1. HP: 19/19 MP: 1/1
     1 | D:1      | Fell from the grace of Xom
    55 | D:1      | Noticed a jelly
    55 | D:1      | a gnoll changed into a jelly
    56 | D:1      | Noticed a giant frog
    56 | D:1      | a jelly changed into a giant frog
    70 | D:1      | Killed a giant frog
    70 | D:1      | Reached skill level 4 in Short Blades
    70 | D:1      | Reached XP level 2. HP: 2/26 MP: 2/2
    70 | D:1      | Reached XP level 3. HP: 2/31 MP: 3/3
    74 | D:1      | Gained mutation: Scrolls take you a little longer to read. [mutagenic meat]
    76 | D:1      | Quit the game

Vault maps used:
D:1:      dpeg_arrival_sounds_slurp

Action                   || total
-------------------------++-------
Melee: Short sword       ||    24
Invok: Renounce Religion ||     1
  Eat: Chunk             ||     2

Table legend:
 A = Turns spent in this place as a percentage of turns spent in the entire game.
 B = Non-inter-level travel turns spent in this place as a percentage of non-inter-level travel turns spent in the entire game.
 C = Inter-level travel turns spent in this place as a percentage of turns spent in this place.
 D = Turns resting spent in this place as a percentage of non-inter-level travel turns spent in this place.
 E = Turns spent auto-exploring this place as a percentage of non-inter-level travel turns spent in this place.
 F = Non-inter-level travel turns spent in this place divided by the number of levels of this place that you've seen.
                   A       B       C       D       E      F
               +-------+-------+-------+-------+-------+----------------------
         Total | 100.0 | 100.0 |   0.0 |   0.0 |   0.0 |  64.0
       Dungeon | 100.0 | 100.0 |   0.0 |   0.0 |   0.0 |  64.0
               +-------+-------+-------+-------+-------+----------------------

Table legend:
 A = Kills in this place as a percentage of kills in entire the game.
 B = Kills by you in this place as a percentage of kills by you in the entire game.
 C = Kills by friends in this place as a percentage of kills by friends in the entire game.
 D = Other kills in this place as a percentage of other kills in the entire game.
 E = Experience gained in this place as a percentage of experience gained in the entire game.
 F = Experience gained in this place divided by the number of levels of this place that you have seen.
                   A       B       C       D       E      F
               +-------+-------+-------+-------+-------+----------------------
         Total | 100.0 | 100.0 |  -nan |  -nan | 100.0 |  93.0
       Dungeon | 100.0 | 100.0 |  -nan |  -nan | 100.0 |  93.0
               +-------+-------+-------+-------+-------+----------------------

Vault maps used:
D:1:      dpeg_arrival_sounds_slurp
